 Dungeon Crawl Stone Soup version 0.22.1-1-ga44c0e56f4 (webtiles) character file.

231 Reeggar the Skirmisher (level 5, -3/41 HPs)
             Began as a Demonspawn Fighter on Nov 2, 2018.
             Killed by divine providence
             ... invoked by an orc priest
              (9 damage)
             ... on level 3 of the Dungeon.
             The game lasted 00:11:22 (2433 turns).

Reeggar the Skirmisher (Demonspawn Fighter)         Turns: 2433, Time: 00:11:22

Health: -3/41      AC:  6    Str: 18    XL:     5   Next: 73%
Magic:  5/5        EV:  7    Int:  9    God:
Gold:   217        SH:  9    Dex: 14    Spells: 4/4 levels left

rFire    . . .     SeeInvis .   i - +2 hand axe (drain)
rCold    . . .     Gourm    .   c - +0 shield
rNeg     . . .     Faith    .   b - +0 scale mail
rPois    .         Spirit   .   (helmet restricted)
rElec    .         Reflect  .   (no cloak)
rCorr    .         Harm     .   (no gloves)
MR       .....                  (no boots)
Stlth    +.........             (no amulet)
HPRegen  0.13/turn              (no ring)
MPRegen  0.09/turn              (no ring)

@: lethally poisoned (-3 -> -4)
A: horns 1, thin skeletal structure 1, demonic guardian 1
a: no special abilities


You were on level 3 of the Dungeon.
You were not hungry.

You visited 1 branch of the dungeon, and saw 4 of its levels.

You collected 217 gold pieces.

Inventory:

Hand Weapons
 a - a +0 war axe
 i - a +2 hand axe of draining (weapon)
Missiles
 k - 2 throwing nets (quivered)
Armour
 b - a +0 scale mail (worn)
 c - a +0 shield (worn)
 m - a +0 chain mail
Magical Staves
 o - an uncursed staff of summoning {unknown}
Jewellery
 e - an uncursed amulet of the gourmand {unknown}
 l - an uncursed amulet of faith {unknown}
 t - an uncursed ring of wizardry {unknown}
Scrolls
 g - a scroll of identify
 j - 2 scrolls of teleportation {unknown}
 n - a scroll of remove curse {unknown}
 p - a scroll of fear {unknown}
 r - a scroll of amnesia {unknown}
 s - a scroll of random uselessness {unknown}
Potions
 d - a potion of might
 q - 2 potions of curing {unknown}
 u - a potion of ambrosia {unknown}
Comestibles
 f - 11 rations


   Skills:
 + Level 3.5 Fighting
 + Level 3.3 Axes
 * Level 2.0 Throwing
 + Level 3.3 Armour
 + Level 0.9 Dodging
 + Level 3.5 Shields


You had 4 spell levels left.
You didn't know any spells.
Your spell library was empty.

Dungeon Overview and Level Annotations

Branches:
Dungeon (4/15)
 Temple: D:4-7

Altars:


Innate Abilities, Weirdness & Mutations

You have a pair of small horns on your head.
You have a somewhat thin skeletal structure. (Dex +2, Stealth)
A weak demonic guardian rushes to your aid.


Message History

You closely miss the orc priest. You hit the worker ant.
You drain the worker ant!
You feel sick.
The worker ant bites you but does no damage.
The orc priest hits you but does no damage.
You block the worker ant's attack.
You hit the orc priest.
You headbutt the orc priest, but do no damage.
The orc priest is moderately wounded.
You closely miss the worker ant. You block the worker ant's attack.
The orc priest drinks a potion.
The orc priest seems to grow stronger.
You hit the orc priest. You drain the orc priest!
The orc priest is severely wounded.
You hit the worker ant but do no damage.
You drain the worker ant! The worker ant bites you.
* * * LOW HITPOINT WARNING * * *
The orc priest miscasts a cantrip.
You block the worker ant's attack.
The orc priest invokes the aid of Beogh against you.
Beogh smites you!
You die...

##### #########
#...# #....##.#
#.#.# #.#.....#
#.#.#####.#...#.#
##.#.......#.#.#.#
...#########.#.#.#
####... .>..#.#5#
####.#######...#a#
...............o@#
##########.#.#####
#.######
##########.#....####
...........#.#.....#
############.#..##.#
......÷......#...<÷#
..####.....###.)..##
### #.......######


You could see a worker ant, an orc priest and a friendly white imp.

Vanquished Creatures
  An orc priest (D:3)
  2 orc wizards (D:3)
  7 adders
  A worm (D:3)
  2 dart slugs
  6 orcs (D:3)
  10 bats
  6 giant cockroaches
  4 hobgoblins
  2 jackals (D:3)
  6 kobolds
  2 quokkas
  A ball python (D:2)
  4 frilled lizards
  5 goblins
  7 rats
66 creatures vanquished.

Vanquished Creatures (collateral kills)
  An iguana (D:4)
  An orc (D:3)
2 creatures vanquished.

Grand Total: 68 creatures vanquished

Notes
Turn   | Place    | Note
-------+----------+-------------------------------------------
     0 | D:1      | Reeggar the Demonspawn Fighter began the quest for the Orb.
     0 | D:1      | Reached XP level 1. HP: 18/18 MP: 1/1
   150 | D:1      | Gained mutation: You have a somewhat thin skeletal
                  | structure. (Dex +2, Stealth) [demonic ancestry]
   150 | D:1      | Reached XP level 2. HP: 23/24 MP: 2/2
  1011 | D:2      | Reached skill level 1 in Throwing
  1011 | D:2      | Gained mutation: You have a pair of small horns on your
                  | head. [demonic ancestry]
  1011 | D:2      | Reached XP level 3. HP: 27/29 MP: 3/3
  1478 | D:3      | Gained mutation: A weak demonic guardian rushes to your
                  | aid. [demonic ancestry]
  1478 | D:3      | Reached XP level 4. HP: 34/35 MP: 4/4
  1882 | D:3      | Reached XP level 5. HP: 24/41 MP: 5/5
  2433 | D:3      | Killed from afar by an orc priest

Skill      XL: |  1  2  3  4  5 |
---------------+----------------+-----
Shields        | 3 |  3.5
Axes           | 2 3 |  3.3
Throwing       | 1 2 |  2.0
Armour         | 3 |  3.3
Fighting       | |  3.5
Dodging        | |  0.9

Action                   |  1- 3 |  4- 6 || total
-------------------------+-------+-------++-------
Melee: War axe           |    56 |       ||    56
       Hand axe          |    41 |    94 ||   135
       Headbutt          |     1 |    15 ||    16
  Use: Scroll            |     1 |       ||     1
  Eat: Chunk             |     2 |     3 ||     5
Armor: Scale mail        |    86 |    31 ||   117
Dodge: Dodged            |    50 |    32 ||    82
Block: Shield            |    77 |    40 ||   117
